[Event "8th Menchik Memorial 2024"]
[Site "London"]
[Date "2024.03.23"]
[Round "4.5"]
[White "Subramanian, Anusha"]
[Black "Hunt, Harriet V"]
[Result "0-1"]
[ECO "A45"]
[WhiteElo "1997"]
[BlackElo "2307"]
[Annotator "RC"]
[PlyCount "80"]
[EventDate "2024.03.22"]
[EventType "tourn"]
[EventCountry "ENG"]
[SourceTitle "playchess.com"]
[Source "ChessBase"]
[SourceQuality "1"]
[TimeControl "5400+30"]

1. d4 Nf6 2. Bg5 e6 3. e4 h6 4. Bxf6 Qxf6 5. c3 d6 6. Bd3 Nd7 7. Ne2 g6 8. O-O Bg7 9. Nd2 Qe7 10. f4 e5 11. Nf3 O-O 12. Qd2 c5 13. Rac1 a6 14. b4 b6 15. bxc5 bxc5 16. Rb1 Ra7 17. Qe3 Rc7 18. Rfc1 exd4 19. cxd4 cxd4 20. Nexd4 Rxc1+ 21. Rxc1 Nc5 22. Nb3 Nxd3 23. Qxd3 Bb7 24. Nfd2 Re8 25. Re1 Qc7 26. Kh1 Kh7 27. Rc1 Qe7 28. Re1 f5 29. e5 Qh4 30. Rf1 dxe5 31. Nc5 Ba8 32. Nxa6 exf4 33. Nf3 Qe7 34. a3 Rd8 35. Qc4 Qxa3 36. Nc7 Rc8 37. Qxf4 Bxf3 38. gxf3 Qd3 39. Rc1 g5 40. Qg3 Qd7 0-1

[Event "8th Menchik Memorial 2024"]
[Site "London"]
[Date "2024.03.24"]
[Round "5.2"]
[White "Cosman, Andreea-Marioara"]
[Black "Subramanian, Anusha"]
[Result "1/2-1/2"]
[ECO "A50"]
[WhiteElo "2115"]
[BlackElo "1997"]
[Annotator "RC"]
[PlyCount "29"]
[EventDate "2024.03.22"]
[EventType "tourn"]
[EventCountry "ENG"]
[SourceTitle "playchess.com"]
[Source "ChessBase"]
[SourceQuality "1"]
[TimeControl "5400+30"]

1. d4 Nf6 2. c4 e6 3. Bf4 Bb4+ 4. Nd2 O-O 5. a3 Bxd2+ 6. Qxd2 d5 7. e3 b6 8. Rc1 c5 9. Nf3 Bb7 10. cxd5 exd5 11. Bd3 c4 12. Bb1 Nc6 13. Bg5 Qd6 14. O-O Rfe8 15. Qc2 1/2-1/2

[Event "8th Menchik Memorial 2024"]
[Site "London"]
[Date "2024.03.24"]
[Round "5.3"]
[White "Garcia Martin, Marta"]
[Black "Sivanandan, Bodhana"]
[Result "1/2-1/2"]
[ECO "B12"]
[WhiteElo "2356"]
[BlackElo "2088"]
[Annotator "RC"]
[PlyCount "131"]
[EventDate "2024.03.22"]
[EventType "tourn"]
[EventCountry "ENG"]
[SourceTitle "playchess.com"]
[Source "ChessBase"]
[SourceQuality "1"]
[TimeControl "5400+30"]

1. e4 c6 2. d4 d5 3. f3 dxe4 4. fxe4 e5 5. Nf3 Bg4 6. c3 Nd7 7. Be2 Bd6 8. Nbd2 Ne7 9. Nc4 Bc7 10. Qb3 b5 11. Ncxe5 Nxe5 12. Nxe5 Be6 13. Qc2 Bxe5 14. dxe5 O-O 15. Be3 Ng6 16. O-O Re8 17. b3 Qc7 18. a4 a6 19. Ra3 Qxe5 20. Bd4 Qg5 21. Qc1 Qh4 22. Re1 Nf4 23. Bf1 Ng6 24. b4 Bc4 25. Bxc4 bxc4 26. Qe3 Rad8 27. Ra2 Re6 28. Rf2 Rde8 29. Qf3 Qe7 30. Rfe2 h6 31. e5 Qg5 32. g3 Nxe5 33. Bxe5 Rxe5 34. Rxe5 Rxe5 35. Rf1 Qe3+ 36. Kg2 Qxf3+ 37. Rxf3 Re2+ 38. Kh3 Rc2 39. Rf5 Rxc3 40. Rc5 Ra3 41. a5 c3 42. Rxc6 Rb3 43. Rxa6 Rxb4 44. Rc6 Ra4 45. a6 c2 46. Rxc2 Rxa6 47. Kg2 g5 48. Kf3 Kg7 49. h4 f5 50. hxg5 hxg5 51. g4 Ra3+ 52. Kf2 f4 53. Rc5 Kf6 54. Rc6+ Ke5 55. Rc5+ Kd4 56. Rxg5 Ke4 57. Rg8 Ra2+ 58. Ke1 f3 59. g5 Ke3 60. Re8+ Kf4 61. g6 Ra1+ 62. Kf2 Ra2+ 63. Kf1 Ra1+ 64. Kf2 Ra2+ 65. Kf1 Ra1+ 66. Kf2 1/2-1/2

[Event "8th Menchik Memorial 2024"]
[Site "London"]
[Date "2024.03.24"]
[Round "5.4"]
[White "Navrotescu, Andreea"]
[Black "Smith, Olivia"]
[Result "1-0"]
[ECO "E63"]
[WhiteElo "2200"]
[BlackElo "2054"]
[Annotator "RC"]
[PlyCount "81"]
[EventDate "2024.03.22"]
[EventType "tourn"]
[EventCountry "ENG"]
[SourceTitle "playchess.com"]
[Source "ChessBase"]
[SourceQuality "1"]
[TimeControl "5400+30"]

1. c4 Nf6 2. Nc3 g6 3. g3 Bg7 4. Bg2 O-O 5. d4 d6 6. Nf3 Nc6 7. O-O a6 8. d5 Na5 9. b3 c5 10. dxc6 Nxc6 11. Bb2 Qa5 12. Qc1 h6 13. Rd1 Be6 14. Ne1 Rac8 15. Nd3 b5 16. cxb5 Nd4 17. b4 Qb6 18. Qd2 axb5 19. Nf4 Nc6 20. Nxe6 fxe6 21. Bh3 Ne5 22. Bxe6+ Kh7 23. Qd4 Qb7 24. Rac1 Rc4 25. Bxc4 Nxc4 26. Ba1 e5 27. Qh4 d5 28. a4 Qf7 29. Nxb5 Ne4 30. Rf1 Nxf2 31. g4 Qf4 32. Qxf2 Qxg4+ 33. Qg3 Qe4 34. Rxf8 Bxf8 35. Qf3 Qh4 36. Kh1 Bg7 37. Qxd5 Ne3 38. Qf3 Ng4 39. Qg3 Qg5 40. Rf1 Qh5 41. a5 1-0

[Event "8th Menchik Memorial 2024"]
[Site "London"]
[Date "2024.03.24"]
[Round "5.5"]
[White "Steil-Antoni, Fiona"]
[Black "Hryshchenko, Kamila"]
[Result "1/2-1/2"]
[ECO "B07"]
[WhiteElo "2154"]
[BlackElo "2186"]
[Annotator "RC"]
[PlyCount "78"]
[EventDate "2024.03.22"]
[EventType "tourn"]
[EventCountry "ENG"]
[SourceTitle "playchess.com"]
[Source "ChessBase"]
[SourceQuality "1"]
[TimeControl "5400+30"]

1. e4 d6 2. d4 Nf6 3. Nc3 e5 4. dxe5 dxe5 5. Qxd8+ Kxd8 6. Bc4 Bb4 7. Bd2 Be6 8. Bxe6 fxe6 9. f3 Nbd7 10. Nh3 a6 11. O-O-O Bc5 12. Rhe1 Ke7 13. Be3 Bd6 14. Nf2 h6 15. Ne2 Raf8 16. c3 Nh5 17. Nd3 g5 18. Rd2 Rhg8 19. c4 Ke8 20. c5 Be7 21. h3 Nf4 22. Nexf4 gxf4 23. Bg1 a5 24. a3 a4 25. Kc2 Rg5 26. Kc3 Kf7 27. Kc4 Rfg8 28. Ree2 Ra8 29. Nxf4 Nxc5 30. Bxc5 exf4 31. Bxe7 Kxe7 32. e5 Ra5 33. Re4 Rgxe5 34. Rxf4 c6 35. Rfd4 Rec5+ 36. Kd3 Rd5 37. Ke4 Re5+ 38. Kf4 Rf5+ 39. Ke3 Rfe5+ 1/2-1/2

[Event "8th Menchik Memorial 2024"]
[Site "London"]
[Date "2024.03.24"]
[Round "6.1"]
[White "Arakhamia-Grant, Ketevan"]
[Black "Hryshchenko, Kamila"]
[Result "0-1"]
[ECO "C41"]
[WhiteElo "2290"]
[BlackElo "2186"]
[Annotator "RC"]
[PlyCount "86"]
[EventDate "2024.03.22"]
[EventType "tourn"]
[EventCountry "ENG"]
[SourceTitle "playchess.com"]
[Source "ChessBase"]
[SourceQuality "1"]
[TimeControl "5400+30"]

1. e4 d6 2. d4 Nf6 3. Nc3 Nbd7 4. Nf3 e5 5. Bc4 h6 6. a4 c6 7. Ba2 Be7 8. O-O Qc7 9. Re1 g5 10. Be3 Nf8 11. Nd2 Ng6 12. Nf1 Nf4 13. Ng3 h5 14. f3 Rg8 15. Qd2 h4 16. Nf5 Bxf5 17. exf5 g4 18. Bxf4 exf4 19. Qxf4 gxf3 20. Qxf3 d5 21. Bxd5 cxd5 22. Nxd5 Nxd5 23. Qxd5 Kf8 24. Qe4 Bf6 25. c3 Rd8 26. Re2 Qc6 27. Rae1 Rg5 28. Qxc6 bxc6 29. Rf1 Rd5 30. Ref2 Ra5 31. b3 c5 32. dxc5 Bxc3 33. Rf4 h3 34. g4 Rxc5 35. Re4 Be5 36. b4 Rc2 37. Rf2 Rc1+ 38. Rf1 Bxh2+ 39. Kf2 Bg3+ 40. Ke2 Rxf1 41. Kxf1 f6 42. b5 Rg7 43. Re6 Be5 0-1

[Event "8th Menchik Memorial 2024"]
[Site "London"]
[Date "2024.03.24"]
[Round "6.3"]
[White "Sivanandan, Bodhana"]
[Black "Navrotescu, Andreea"]
[Result "1/2-1/2"]
[ECO "B40"]
[WhiteElo "2088"]
[BlackElo "2200"]
[Annotator "RC"]
[PlyCount "131"]
[EventDate "2024.03.22"]
[EventType "tourn"]
[EventCountry "ENG"]
[SourceTitle "playchess.com"]
[Source "ChessBase"]
[SourceQuality "1"]
[TimeControl "5400+30"]

1. e4 c5 2. Nf3 e6 3. g3 Nc6 4. Bg2 Nf6 5. Nc3 d5 6. exd5 exd5 7. O-O d4 8. Re1+ Be7 9. Ne4 O-O 10. d3 h6 11. Nxf6+ Bxf6 12. Bf4 g5 13. Bc1 Bg4 14. h3 Bh5 15. b3 Qc7 16. Bb2 Rae8 17. Qd2 Qd7 18. g4 Bg6 19. Rxe8 Rxe8 20. Re1 Rxe1+ 21. Qxe1 h5 22. gxh5 Bxh5 23. Nd2 Nb4 24. Ne4 Be7 25. a3 Nc6 26. Bc1 f6 27. Ng3 Bf7 28. Qe4 Bf8 29. h4 gxh4 30. Qxh4 Bg7 31. Bh6 Bg6 32. Bxg7 Kxg7 33. Bh3 Qd5 34. Qf4 Qe5 35. Qf3 Kf7 36. Bf5 Bxf5 37. Nxf5 Ke6 38. Ng7+ Kd6 39. Nh5 Ke7 40. Nf4 Kd6 41. Nh5 Ke6 42. Ng7+ Kf7 43. Nf5 Kg6 44. Qg4+ Kf7 45. Nh6+ Ke8 46. Qg6+ Kd7 47. Ng4 Qg5 48. Qxg5 fxg5 49. Kg2 Ke6 50. Kg3 Ne7 51. Nh2 Kf5 52. Nf3 Nd5 53. Nd2 Nc3 54. Nc4 Ke6 55. Kg4 Nd1 56. f3 b5 57. Nd2 Ne3+ 58. Kxg5 Nxc2 59. f4 Ne1 60. f5+ Kf7 61. Kf4 Nxd3+ 62. Ke4 Nb2 63. Kd5 Nd3 64. Ke4 Nb2 65. Kd5 Nd3 66. Ke4 1/2-1/2

[Event "8th Menchik Memorial 2024"]
[Site "London"]
[Date "2024.03.24"]
[Round "6.4"]
[White "Subramanian, Anusha"]
[Black "Garcia Martin, Marta"]
[Result "1/2-1/2"]
[ECO "A06"]
[WhiteElo "1997"]
[BlackElo "2356"]
[Annotator "RC"]
[PlyCount "158"]
[EventDate "2024.03.22"]
[EventType "tourn"]
[EventCountry "ENG"]
[SourceTitle "playchess.com"]
[Source "ChessBase"]
[SourceQuality "1"]
[TimeControl "5400+30"]

1. b3 d5 2. Bb2 Bg4 3. Nf3 Nd7 4. d4 e6 5. e3 Ngf6 6. h3 Bh5 7. Be2 c6 8. O-O Bd6 9. Nbd2 Qe7 10. Ne5 Bxe2 11. Qxe2 Ba3 12. Bxa3 Qxa3 13. Ndf3 O-O 14. c4 Nb8 15. Nd3 Na6 16. Nfe5 Ne4 17. Qb2 Qe7 18. Rac1 f6 19. Nf3 Kh8 20. Nd2 Rad8 21. cxd5 exd5 22. Nxe4 dxe4 23. Nc5 Nb4 24. Qd2 Nd5 25. f3 exf3 26. Rxf3 b6 27. Nd3 Rfe8 28. Re1 Qd6 29. Nf4 Nb4 30. a3 Na6 31. Qb2 Re4 32. b4 Rde8 33. Qc3 c5 34. bxc5 bxc5 35. d5 c4 36. Ne6 Nc7 37. Qc2 Re5 38. Qxc4 Nxd5 39. Nf4 Nb6 40. Qa6 R5e7 41. h4 g6 42. a4 Qb4 43. Ref1 f5 44. a5 Qc4 45. Qxc4 Nxc4 46. h5 Nxe3 47. Re1 g5 48. Nd3 f4 49. g3 fxg3 50. Rxg3 h6 51. Rf3 Kg7 52. Nb4 Re4 53. Nc6 a6 54. Re2 g4 55. Rg3 Kf6 56. Rb2 Kg5 57. Rf2 Nf5 58. Rc3 g3 59. Rf1 Kg4 60. Rc5 Nh4 61. Rc2 Nf3+ 62. Kh1 Re2 63. Rxe2 Rxe2 64. Rxf3 Kxf3 65. Nd4+ Kf2 66. Nxe2 Kxe2 67. Kg2 Ke3 68. Kxg3 Ke4 69. Kg4 Ke5 70. Kg3 Kf5 71. Kh4 Kf4 72. Kh3 Kg5 73. Kg3 Kxh5 74. Kf4 Kh4 75. Kf5 h5 76. Kf4 Kh3 77. Kf3 h4 78. Kf2 Kg4 79. Kg2 Kf4 1/2-1/2

[Event "8th Menchik Memorial 2024"]
[Site "London"]
[Date "2024.03.24"]
[Round "6.5"]
[White "Hunt, Harriet V"]
[Black "Cosman, Andreea-Marioara"]
[Result "0-1"]
[ECO "B50"]
[WhiteElo "2307"]
[BlackElo "2115"]
[Annotator "RC"]
[PlyCount "126"]
[EventDate "2024.03.22"]
[EventType "tourn"]
[EventCountry "ENG"]
[SourceTitle "playchess.com"]
[Source "ChessBase"]
[SourceQuality "1"]
[TimeControl "5400+30"]

1. e4 c5 2. Nf3 d6 3. c3 Nf6 4. h3 g6 5. Bd3 Bg7 6. O-O O-O 7. Bc2 e5 8. d3 Nc6 9. a3 b6 10. Be3 Ba6 11. Qc1 d5 12. Rd1 Qc7 13. Re1 dxe4 14. dxe4 c4 15. a4 Na5 16. Nbd2 Nd7 17. Rd1 Rad8 18. Nf1 Rfe8 19. N3h2 Nc5 20. Bxc5 Qxc5 21. Qg5 Qf8 22. Ne3 Bb7 23. Qh4 f6 24. Nd5 Bxd5 25. Rxd5 Rxd5 26. exd5 f5 27. Rd1 Bf6 28. Qg3 e4 29. Nf1 Nb7 30. Qc7 Nd6 31. Qxa7 f4 32. Re1 e3 33. fxe3 Bh4 34. Re2 f3 35. gxf3 Qxf3 36. Rg2 Rf8 37. Bxg6 Qxf1+ 38. Kh2 Bg3+ 39. Kxg3 hxg6 40. Qd7 Qf6 41. Kh2 Qe5+ 42. Kg1 Qxe3+ 43. Kh2 Qe5+ 44. Kg1 Rf6 45. Qd8+ Kg7 46. Qxb6 Nf5 47. Qa7+ Rf7 48. Qf2 Ne3 49. Qe2 Rf1+ 50. Qxf1 Nxf1 51. Kxf1 Qxd5 52. Kf2 Qa5 53. Rg4 Qxa4 54. Kg3 Qc2 55. h4 Kh6 56. Rd4 Qc1 57. Kf3 Kh5 58. Kg3 Qe3+ 59. Kg2 Qe2+ 60. Kg3 Qxb2 61. Rxc4 Qb8+ 62. Kf3 Qb5 63. Rd4 Qc6+ 0-1

[Event "8th Menchik Memorial 2024"]
[Site "London"]
[Date "2024.03.25"]
[Round "7.1"]
[White "Cosman, Andreea-Marioara"]
[Black "Arakhamia-Grant, Ketevan"]
[Result "1/2-1/2"]
[ECO "B36"]
[WhiteElo "2115"]
[BlackElo "2290"]
[Annotator "RC"]
[PlyCount "64"]
[EventDate "2024.03.22"]
[EventType "tourn"]
[EventCountry "ENG"]
[SourceTitle "playchess.com"]
[Source "ChessBase"]
[SourceQuality "1"]
[TimeControl "5400+30"]

1. d4 Nf6 2. c4 c5 3. Nf3 g6 4. Nc3 cxd4 5. Nxd4 Nc6 6. e4 Nxd4 7. Qxd4 d6 8. f3 Bg7 9. Be3 O-O 10. Qd2 Be6 11. Rc1 a6 12. Be2 Qa5 13. Nd5 Qxd2+ 14. Kxd2 Bxd5 15. cxd5 Rfc8 16. Rxc8+ Rxc8 17. Rc1 Rxc1 18. Kxc1 Kf8 19. b4 e6 20. dxe6 fxe6 21. b5 axb5 22. Bxb5 Ke7 23. Bg5 h6 24. Bxf6+ Bxf6 25. g4 Be5 26. h3 h5 27. gxh5 gxh5 28. a4 b6 29. Kd2 Bf4+ 30. Kd3 h4 31. Kd4 Kf6 32. Bd7 Bc1 1/2-1/2

[Event "8th Menchik Memorial 2024"]
[Site "London"]
[Date "2024.03.25"]
[Round "7.2"]
[White "Garcia Martin, Marta"]
[Black "Hunt, Harriet V"]
[Result "0-1"]
[ECO "B50"]
[WhiteElo "2356"]
[BlackElo "2307"]
[Annotator "RC"]
[PlyCount "116"]
[EventDate "2024.03.22"]
[EventType "tourn"]
[EventCountry "ENG"]
[SourceTitle "playchess.com"]
[Source "ChessBase"]
[SourceQuality "1"]
[TimeControl "5400+30"]

1. e4 c5 2. Nf3 d6 3. c3 Nf6 4. Be2 g6 5. O-O Bg7 6. Bb5+ Nbd7 7. Re1 a6 8. Bf1 e5 9. d4 Qc7 10. a4 O-O 11. d5 h6 12. Na3 Ne8 13. b4 Kh7 14. Nc4 f5 15. Nfd2 b6 16. Bd3 f4 17. Be2 Nef6 18. Rb1 Rb8 19. g3 b5 20. axb5 axb5 21. Na5 c4 22. Bf1 Nb6 23. Nc6 fxg3 24. hxg3 Ra8 25. Bg2 Bd7 26. Na5 Na4 27. Qc2 Ng4 28. Bf3 Qb6 29. Rf1 Rf7 30. Ndxc4 bxc4 31. Bxg4 Bxg4 32. Qxa4 Rf3 33. Kg2 Rxc3 34. Be3 Rxe3 35. fxe3 Qxe3 36. Qc2 Be2 37. Nxc4 Bxc4 38. Qxc4 Ra3 39. Kh1 Qxg3 40. Rb2 Rc3 41. Qa2 Qh4+ 42. Rh2 Qxe4+ 43. Qg2 Qd3 44. Rg1 Rb3 45. Rh4 Bf6 46. Rc4 h5 47. Rc7+ Kh6 48. Rc2 Rxb4 49. Qd2+ Qxd2 50. Rxd2 e4 51. Rdg2 g5 52. Re1 Rd4 53. Rge2 Rxd5 54. Rxe4 Be5 55. R4e2 Kg6 56. Rf1 Rd4 57. Rf8 h4 58. Rg2 Bf4 0-1

[Event "8th Menchik Memorial 2024"]
[Site "London"]
[Date "2024.03.25"]
[Round "7.3"]
[White "Navrotescu, Andreea"]
[Black "Subramanian, Anusha"]
[Result "1-0"]
[ECO "E49"]
[WhiteElo "2200"]
[BlackElo "1997"]
[Annotator "RC"]
[PlyCount "169"]
[EventDate "2024.03.22"]
[EventType "tourn"]
[EventCountry "ENG"]
[SourceTitle "playchess.com"]
[Source "ChessBase"]
[SourceQuality "1"]
[TimeControl "5400+30"]

1. d4 Nf6 2. c4 e6 3. Nc3 Bb4 4. f3 d5 5. a3 Bxc3+ 6. bxc3 O-O 7. cxd5 exd5 8. e3 c5 9. Bd3 Nc6 10. Ne2 b6 11. O-O Re8 12. Ng3 Qc7 13. Ra2 a5 14. Re1 Bd7 15. Rf2 h5 16. Bb1 h4 17. Ne2 a4 18. Nf4 Qd6 19. Qd3 Rad8 20. g4 hxg3 21. hxg3 Ne7 22. g4 g5 23. Ne2 Ng6 24. dxc5 Qxc5 25. Qd4 Ne5 26. Kg2 Qb5 27. Bc2 Rc8 28. Rh1 Rc4 29. Qd2 Bxg4 30. fxg4 Rxg4+ 31. Kf1 Nc4 32. Qd3 Ne4 33. Rfh2 Rh4 34. Rxh4 gxh4 35. Rxh4 Qd7 36. Nf4 Re5 37. Qd4 Qf5 38. Bxe4 Qxe4 39. Qxe4 Rxe4 40. Rh3 Re5 41. Kf2 Kf8 42. Rh8+ Ke7 43. Ra8 b5 44. Ra7+ Kf6 45. Rd7 Kf5 46. Kf3 f6 47. Rxd5 Rxd5 48. Nxd5 Ke5 49. Nc7 Na5 50. Nxb5 Nb3 51. Bb2 Nd2+ 52. Ke2 Nc4 53. Bc1 Ke4 54. Nd4 f5 55. Nf3 Na5 56. Nd2+ Kd5 57. Kd3 Kc5 58. c4 Nb7 59. Bb2 Nd6 60. Bd4+ Kc6 61. Kc3 Ne8 62. Kb4 Nc7 63. Kxa4 Ne6 64. Kb4 f4 65. Nf3 fxe3 66. Bxe3 Nc7 67. a4 Kb7 68. Bf4 Ne6 69. Be5 Nd8 70. Nd4 Kb6 71. c5+ Kb7 72. Kb5 Nf7 73. Bf6 Nh6 74. c6+ Ka7 75. Ne6 Nf5 76. Bd4+ Ka8 77. Be5 Ne7 78. Nc5 Ka7 79. Nd7 Nc8 80. Bd4+ Ka8 81. Nb6+ Nxb6 82. Kxb6 Kb8 83. c7+ Kc8 84. a5 Kd7 85. Kb7 1-0

[Event "8th Menchik Memorial 2024"]
[Site "London"]
[Date "2024.03.25"]
[Round "7.4"]
[White "Steil-Antoni, Fiona"]
[Black "Sivanandan, Bodhana"]
[Result "1/2-1/2"]
[ECO "B14"]
[WhiteElo "2154"]
[BlackElo "2088"]
[Annotator "RC"]
[PlyCount "146"]
[EventDate "2024.03.22"]
[EventType "tourn"]
[EventCountry "ENG"]
[SourceTitle "playchess.com"]
[Source "ChessBase"]
[SourceQuality "1"]
[TimeControl "5400+30"]

1. e4 c6 2. c4 d5 3. exd5 cxd5 4. cxd5 Nf6 5. Nc3 Nxd5 6. Nf3 g6 7. d4 Bg7 8. Bc4 Nb6 9. Bb5+ Bd7 10. Bxd7+ N8xd7 11. O-O O-O 12. Re1 Nf6 13. Qb3 e6 14. a4 Qc7 15. a5 Nbd5 16. Nb5 Qe7 17. Bg5 a6 18. Nc3 Qb4 19. Ra3 Qxb3 20. Rxb3 Rab8 21. Ne5 Rfc8 22. Na4 Bf8 23. Bxf6 Nxf6 24. Nb6 Rc2 25. g4 Bd6 26. g5 Bxe5 27. dxe5 Nh5 28. Nd7 Rbc8 29. Rxb7 R2c7 30. Rxc7 Rxc7 31. Rd1 h6 32. Nf6+ Nxf6 33. gxf6 g5 34. Rd6 Ra7 35. h4 gxh4 36. Rd4 h5 37. Rxh4 Kh7 38. Rxh5+ Kg6 39. Rh8 Rb7 40. Ra8 Rxb2 41. Rxa6 Rb5 42. f4 Rb4 43. Ra8 Rxf4 44. Rg8+ Kf5 45. Rg7 Kxe5 46. Rxf7 Ra4 47. Rh7 Kxf6 48. Ra7 e5 49. Kf2 Ra3 50. Ra8 Kf5 51. a6 Kf4 52. Rf8+ Ke4 53. Ra8 Ra2+ 54. Kf1 Ke3 55. a7 e4 56. Kg1 Ra5 57. Kf1 Ra6 58. Kg1 Rg6+ 59. Kf1 Rg7 60. Rh8 Rxa7 61. Rh3+ Kd2 62. Rh2+ Kd1 63. Rh8 Rf7+ 64. Kg2 e3 65. Ra8 e2 66. Ra1+ Kd2 67. Ra2+ Kd3 68. Ra3+ Ke4 69. Ra4+ Kd5 70. Ra5+ Kc4 71. Ra4+ Kd5 72. Ra5+ Kc4 73. Ra4+ Kd5 1/2-1/2

[Event "8th Menchik Memorial 2024"]
[Site "London"]
[Date "2024.03.25"]
[Round "7.5"]
[White "Hryshchenko, Kamila"]
[Black "Smith, Olivia"]
[Result "1/2-1/2"]
[ECO "B12"]
[WhiteElo "2186"]
[BlackElo "2054"]
[Annotator "RC"]
[PlyCount "117"]
[EventDate "2024.03.22"]
[EventType "tourn"]
[EventCountry "ENG"]
[SourceTitle "playchess.com"]
[Source "ChessBase"]
[SourceQuality "1"]
[TimeControl "5400+30"]

1. e4 c6 2. d4 d5 3. f3 e6 4. Nc3 Bb4 5. Nge2 dxe4 6. fxe4 e5 7. Be3 Nf6 8. Qd3 exd4 9. Bxd4 c5 10. Bxf6 Qxd3 11. cxd3 gxf6 12. O-O-O Be6 13. Nb5 Ba5 14. d4 cxd4 15. Nexd4 Ke7 16. Be2 Nd7 17. Kb1 Rhg8 18. g3 Ne5 19. Rhf1 a6 20. Na3 Rad8 21. Nac2 Bb6 22. b3 Ng4 23. Bc4 Ne3 24. Nxe3 Rxd4 25. Nd5+ Bxd5 26. Bxd5 Rxd1+ 27. Rxd1 Rb8 28. Rf1 Be3 29. Rf3 Bd4 30. Rf4 b6 31. Rg4 Kf8 32. Rf4 Rd8 33. Kc2 Be5 34. Rf5 Rc8+ 35. Kd2 b5 36. Rf3 b4 37. Rd3 Rd8 38. Bb7 Rxd3+ 39. Kxd3 a5 40. Kc4 Ke7 41. Kb5 Bc7 42. Kc6 Bd8 43. Bc8 Kf8 44. g4 h6 45. h3 Ke8 46. Ba6 Kf8 47. Kd7 Be7 48. Bc4 Bc5 49. Kc6 Be7 50. Kd5 Bd8 51. h4 Bb6 52. Kc6 Bd8 53. h5 Be7 54. Kd7 Bc5 55. Kc6 Be7 56. Kd5 Bd8 57. e5 fxe5 58. Kxe5 Bg5 59. Kd6 1/2-1/2

[Event "8th Menchik Memorial 2024"]
[Site "London"]
[Date "2024.03.25"]
[Round "8.1"]
[White "Arakhamia-Grant, Ketevan"]
[Black "Smith, Olivia"]
[Result "1-0"]
[ECO "C24"]
[WhiteElo "2290"]
[BlackElo "2054"]
[Annotator "RC"]
[PlyCount "127"]
[EventDate "2024.03.22"]
[EventType "tourn"]
[EventCountry "ENG"]
[SourceTitle "playchess.com"]
[Source "ChessBase"]
[SourceQuality "1"]
[TimeControl "5400+30"]

1. e4 e5 2. Bc4 Nf6 3. d3 c6 4. Nf3 d5 5. Bb3 Bd6 6. O-O h6 7. Re1 dxe4 8. dxe4 O-O 9. Nbd2 Bc7 10. Qe2 Na6 11. a3 Nc5 12. Ba2 Bg4 13. h3 Bh5 14. b4 Ne6 15. Bxe6 fxe6 16. Bb2 Nd7 17. Rad1 Qf6 18. Nc4 Nb6 19. Nxb6 Bxb6 20. Rd3 Bc7 21. Qf1 Bxf3 22. Rxf3 Qg5 23. Bc1 Qe7 24. Rxf8+ Rxf8 25. c4 Rd8 26. c5 Rd4 27. Be3 Rd7 28. Qe2 Qf7 29. g3 Bd8 30. Rd1 Rxd1+ 31. Qxd1 Bc7 32. Kg2 Kh7 33. Qd3 a6 34. Bd2 Kg8 35. Bc3 Qe8 36. h4 Qf7 37. Qd2 Qe8 38. a4 Qd8 39. Qxd8+ Bxd8 40. Bxe5 b6 41. Kf3 bxc5 42. bxc5 Ba5 43. h5 Bb4 44. Bd4 e5 45. Bxe5 Bxc5 46. Ke2 Kf7 47. f3 g6 48. g4 g5 49. Kd3 Bf8 50. Kc4 Ke6 51. Bd4 Kd7 52. Be5 Ke6 53. f4 gxf4 54. Bxf4 Kf6 55. Kd4 Ke6 56. g5 hxg5 57. Bxg5 Bg7+ 58. Kc5 Ke5 59. Kxc6 Kxe4 60. Kb6 Kd5 61. a5 Bd4+ 62. Kxa6 Bg7 63. Kb7 Ke6 64. Be3 1-0

[Event "8th Menchik Memorial 2024"]
[Site "London"]
[Date "2024.03.25"]
[Round "8.2"]
[White "Sivanandan, Bodhana"]
[Black "Hryshchenko, Kamila"]
[Result "1/2-1/2"]
[ECO "C41"]
[WhiteElo "2088"]
[BlackElo "2186"]
[Annotator "RC"]
[PlyCount "100"]
[EventDate "2024.03.22"]
[EventType "tourn"]
[EventCountry "ENG"]
[SourceTitle "playchess.com"]
[Source "ChessBase"]
[SourceQuality "1"]
[TimeControl "5400+30"]

1. e4 d6 2. d4 Nf6 3. Nc3 Nbd7 4. Nf3 e5 5. Bc4 h6 6. a4 Be7 7. h3 c6 8. Be3 Qc7 9. Qd2 b6 10. Qe2 a6 11. Bb3 Bb7 12. Nd2 O-O 13. O-O Rfe8 14. Rae1 Bf8 15. Qd3 Rad8 16. f4 b5 17. axb5 cxb5 18. f5 d5 19. Nxd5 Bxd5 20. Bxd5 Nxd5 21. exd5 Nf6 22. c3 Nxd5 23. Bf2 Ne7 24. Nf3 Nc6 25. f6 exd4 26. Nxd4 Nxd4 27. Bxd4 Rxe1 28. Rxe1 Qf4 29. Rf1 Qg5 30. Rf5 Qc1+ 31. Qf1 Qxf1+ 32. Kxf1 g5 33. Ke2 Kh7 34. g4 Kg6 35. Rf1 Rd6 36. Kf3 Re6 37. Ra1 h5 38. b4 Rc6 39. Ke4 Re6+ 40. Kd3 Bh6 41. Rf1 Bf8 42. Ra1 Bh6 43. Ra2 Bf8 44. Ra1 Bh6 45. Rg1 Re8 46. Rf1 Re6 47. Ra1 Bf8 48. Ra2 Bh6 49. Ra1 Bf8 50. Ra2 Bh6 1/2-1/2

[Event "8th Menchik Memorial 2024"]
[Site "London"]
[Date "2024.03.25"]
[Round "8.3"]
[White "Subramanian, Anusha"]
[Black "Steil-Antoni, Fiona"]
[Result "1-0"]
[ECO "C44"]
[WhiteElo "1997"]
[BlackElo "2154"]
[Annotator "RC"]
[PlyCount "91"]
[EventDate "2024.03.22"]
[EventType "tourn"]
[EventCountry "ENG"]
[SourceTitle "playchess.com"]
[Source "ChessBase"]
[SourceQuality "1"]
[TimeControl "5400+30"]

1. e4 e5 2. Nf3 Nc6 3. g3 Bc5 4. Bg2 d6 5. c3 Nf6 6. d3 O-O 7. b4 Bb6 8. O-O a6 9. Nbd2 Be6 10. Re1 Ng4 11. Re2 f5 12. h3 Nf6 13. Ng5 Qe8 14. d4 Bd7 15. exf5 Bxf5 16. Nc4 Ba7 17. Qb3 Kh8 18. dxe5 Bd3 19. Bxc6 bxc6 20. Rd2 Bxc4 21. Qxc4 Qxe5 22. Qh4 h6 23. Rc2 Qe1+ 24. Kg2 Ng4 25. Bf4 Qxa1 26. hxg4 Qe1 27. Nf3 Qe4 28. Rc1 Rae8 29. g5 Qg6 30. gxh6 Rxf4 31. Qxf4 gxh6 32. Rh1 Kg7 33. Rh4 Kh7 34. Rg4 Qe6 35. Rh4 Kg7 36. Nd4 Qd5+ 37. Kh2 Bxd4 38. Qxh6+ Kf7 39. Rxd4 Qe5 40. Qh7+ Kf6 41. Rf4+ Kg5 42. Rh4 Qe2 43. Qh6+ Kf5 44. Rf4+ Ke5 45. Qf6+ Kd5 46. Rd4# 1-0

[Event "8th Menchik Memorial 2024"]
[Site "London"]
[Date "2024.03.25"]
[Round "8.5"]
[White "Cosman, Andreea-Marioara"]
[Black "Garcia Martin, Marta"]
[Result "1/2-1/2"]
[ECO "D37"]
[WhiteElo "2115"]
[BlackElo "2356"]
[Annotator "RC"]
[PlyCount "66"]
[EventDate "2024.03.22"]
[EventType "tourn"]
[EventCountry "ENG"]
[SourceTitle "playchess.com"]
[Source "ChessBase"]
[SourceQuality "1"]
[TimeControl "5400+30"]

1. d4 e6 2. c4 Nf6 3. Nc3 Bb4 4. e3 O-O 5. Bd3 d5 6. Nf3 c5 7. O-O Nc6 8. cxd5 exd5 9. dxc5 Bxc5 10. h3 Be6 11. b3 a6 12. Bb2 Qe7 13. Qb1 Rad8 14. Ne2 Ba3 15. Bxa3 Qxa3 16. Ned4 Nxd4 17. Nxd4 Rc8 18. Qd1 Rc7 19. Qf3 Rfc8 20. Qf4 Bd7 21. Bf5 Qe7 22. Rad1 g6 23. Bb1 a5 24. Rfe1 Kg7 25. Nf3 a4 26. Qd4 axb3 27. axb3 Be6 28. Ng5 h6 29. Nxe6+ Qxe6 30. Bd3 Kh7 31. Qf4 Kg7 32. Qd4 Kh7 33. Qf4 Kg7 1/2-1/2